 Dungeon Crawl Stone Soup version 0.28-a0-1286-g6bde065e89 (webtiles) character file.

Game seed: 11551939091928792250

128 donnydurka the Twirler (level 4, -3/33 HPs)
             Began as a Demonspawn Gladiator on Dec 26, 2021.
             Slain by Natasha (5 damage)
             ... on level 3 of the Dungeon.
             The game lasted 00:13:02 (2477 turns).

donnydurka the Twirler (Demonspawn Gladiator)       Turns: 2477, Time: 00:13:03

Health: -3/33      AC:  6    Str: 16    XL:     4   Next: 87%
Magic:  4/4        EV: 11    Int: 10    God:
Gold:   101        SH:  0    Dex: 14    Spells: 3/3 levels left

rFire   . . .      SeeInvis .   a - +0 quarterstaff
rCold   . . .      Faith    .   (shield currently unavailable)
rNeg    . . .      Spirit   .   h - +0 ring mail
rPois   .          Reflect  .   c - +0 helmet
rElec   .          Harm     .   (no cloak)
rCorr   .          Rampage  .   (no gloves)
Will    .....                   (no boots)
Stlth   +.........              (no amulet)
HPRegen 0.11/turn               (no ring)
MPRegen 0.09/turn               (no ring)

@: slowed, very slow
A: demonic touch 2
a: no special abilities


You were on level 3 of the Dungeon.
You visited 1 branch of the dungeon, and saw 3 of its levels.

You collected 101 gold pieces.

Inventory:

Hand Weapons
 a - a +0 quarterstaff (weapon)
Missiles
 d - 2 throwing nets
 f - 113 stones (quivered)
 l - 6 boomerangs of dispersal
 m - 8 bolts
Armour
 b - a +0 leather armour
 c - a +0 helmet (worn)
 e - a +0 leather armour
 g - a +0 scale mail
 h - a +0 ring mail (worn)
Scrolls
 j - 2 scrolls of teleportation {unknown}
Potions
 i - a potion of magic {unknown}
 k - 2 potions of degeneration {unknown}


   Skills:
 + Level 2.2 Fighting
 + Level 4.1 Staves
 + Level 2.0 Throwing
 + Level 1.5 Armour
 + Level 3.2 Dodging
 + Level 0.1 Stealth


You had 3 spell levels left.
You didn't know any spells.
Your spell library contained the following spells:

 Spells                   Type           Power      Damage    Failure   Level
 Call Canine Familiar     Summ           0%         N/A       91%         3
 Portal Projectile        Hex/Tloc       0%         N/A       91%         3
 Leda's Liquefaction      Hex/Erth       0%         N/A       100%        4


Dungeon Overview and Level Annotations

Branches:
Dungeon (3/15)

Altars:
Xom

Annotations:
D:3 1 transporter, Natasha


Innate Abilities, Weirdness & Mutations

Your touch may inflict irresistible damage on your foes.


Message History

The puff of flame hits you but does no damage.
Natasha casts a spell at you. The magic dart hits you.
Natasha claws you but does no damage.
Natasha zaps a wand.
The puff of flame hits you.
Natasha stares at you and mumbles some strange words.
You feel as though you will be slow longer.
You hear the rapid rusting of a very distant drain.
You completely miss Natasha. Natasha casts a spell at you.
You resist with some effort.
Natasha zaps a wand.
The puff of flame hits you.
You hit Natasha.
Natasha is moderately wounded.
Natasha claws you but does no damage.
You barely miss Natasha.
Natasha is moderately wounded.
Natasha barely misses you. x2
You barely miss Natasha.
Natasha is moderately wounded.
Natasha zaps a wand.
The puff of flame hits you! Natasha claws you.
* * * LOW HITPOINT WARNING * * *
You completely miss Natasha.
Natasha is moderately wounded.
Natasha claws you but does no damage.
You sock Natasha!
Natasha is almost dead.
Natasha barely misses you. Natasha misses you.
You closely miss Natasha.
Natasha is almost dead.
Natasha casts a spell.
Natasha closely misses you.
You completely miss Natasha.
Natasha is almost dead.
Natasha closely misses you.
The crimson imp blinks!
You closely miss Natasha.
Natasha is almost dead.
Natasha zaps a wand.
The puff of flame hits you!
* * * LOW HITPOINT WARNING * * *
Natasha claws you.
You die...

.........#.#
##..........###.##.#
#..........###...#####...#
#.##.#
#.......##.....#.......#.#
#.##.#
#.......##.###...####..#.#
#.##.# #####.####.# ##.##
#..#.# #.##.# # #.# #.# #.#
#..#.###)##.# # #.# #.# #.#
##........##.. # #.# #.#
#.####........##### # #.# #.#
#.@h.....#.##.# #
#.####.####ยง.###..##.##.# #
#.................##.##.#
###########..........##.#
########..)...........#####.#
..>......############.# #.#
..######## #.# ..# .# ..#


You could see Natasha.

Vanquished Creatures
  A jelly (D:2)
  Natasha (D:3)
  An adder (D:2)
  A worm (D:2)
  4 dart slugs (D:2)
  4 orcs (D:3)
  9 bats
  4 endoplasms
  2 giant cockroaches (D:1)
  3 goblins
  A hobgoblin (D:1)
  4 jackals (D:2)
  5 kobolds
  A quokka (D:3)
  3 ball pythons
  3 frilled lizards (D:1)
  4 rats
51 creatures vanquished.

Vanquished Creatures (others)
  2 fungi (D:1)
  4 plants (D:1)
6 creatures vanquished.

Grand Total: 57 creatures vanquished

Notes
Turn   | Place    | Note
-------+----------+-------------------------------------------
     0 | D:1      | donnydurka the Demonspawn Gladiator began the quest for the
                  | Orb.
     0 | D:1      | Reached XP level 1. HP: 16/16 MP: 1/1
    87 | D:1      | Found a faded altar of an unknown god.
   334 | D:1      | Gained mutation: Your touch may inflict minor irresistible
                  | damage on your foes. [demonic ancestry]
   334 | D:1      | Reached XP level 2. HP: 20/22 MP: 2/2
   491 | D:1      | Reached skill level 3 in Staves
   781 | D:2      | Reached XP level 3. HP: 23/27 MP: 3/3
  1125 | D:2      | Gained mutation: Your touch may inflict irresistible damage
                  | on your foes. [demonic ancestry]
  1125 | D:2      | Reached XP level 4. HP: 32/33 MP: 4/4
  1263 | D:2      | Found a shimmering altar of Xom.
  1367 | D:2      | Reached skill level 1 in Armour
  1816 | D:3      | Found a transporter.
  2133 | D:3      | Noticed Natasha
  2141 | D:3      | Killed Natasha
  2142 | D:3      | Reached skill level 4 in Staves
  2459 | D:3      | Noticed Natasha
  2477 | D:3      | Slain by Natasha

Illustrated notes

Levels and vault maps discovered:
D:1:      amcnicky_arrival_choice, layout_loops_ring,
          shapermc_ecumenical_altar_mp_urbaneastern
D:2:      layout_basic, basic_altar, minmay_misc_feat_five,
          kennysheep_pointless_box, grunt_decor_arrowhead
D:3:      gammafunk_steamed_eel, layout_loops_ring, cheibrodos_sewer_entry_bend,
          uniq_natasha, uniq_sigmund

Skill      XL: |  1  2  3  4 |
---------------+-------------+-----
Staves         | 3 4 |  4.1
Dodging        | 3 |  3.2
Throwing       | 2 |  2.0
Armour         | 1 |  1.5
Fighting       | |  2.2
Stealth        | |  0.1

Action                   |  1- 3 |  4- 6 || total
-------------------------+-------+-------++-------
Melee: Quarterstaff      |    89 |    81 ||   170
Throw: Stone             |       |     6 ||     6
       Throwing net      |       |     1 ||     1
Armor: Scale mail        |     3 |       ||     3
       Ring mail         |    39 |    40 ||    79
Dodge: Dodged            |    58 |    60 ||   118

Table legend: (Time is in decaauts)
 A = Elapsed time spent in this place.
 B = Non-inter-level travel time spent in this place.
 C = Inter-level travel time spent in this place.
 D = Time resting spent in this place.
 E = Time spent auto-exploring this place.
 F = Levels seen in this place.
 G = Mean time per level.
                   A        B        C        D        E       F      G
               +--------+--------+--------+--------+--------+-----+--------+
         Total |   2506 |   2506 |      0 |    707 |    469 |   3 |  835.3 |
       Dungeon |   2506 |   2506 |      0 |    707 |    469 |   3 |  835.3 |
               +--------+--------+--------+--------+--------+-----+--------+

Top non-repeatable levels by time:
     D:2: 1059 daAuts
     D:1: 772 daAuts
     D:3: 674 daAuts
